 Dungeon Crawl Stone Soup version 0.24-a0-272-g1411513 (webtiles) character file.

Game seed: 15427517769524192556

90 TheOvate the Conjurer (level 4, -10/36 HPs)
             Began as a Kobold Conjurer on Apr 25, 2019.
             Killed by divine providence
             ... invoked by an orc priest
              (13 damage)
             ... on level 2 of the Dungeon.
             The game lasted 00:07:08 (1780 turns).

TheOvate the Conjurer (Kobold Conjurer)             Turns: 1780, Time: 00:07:09

Health: -10/36     AC: 22    Str:  5    XL:     4   Next: 85%
Magic:  5/8        EV:  3    Int: 17    God:
Gold:   121        SH:  0    Dex: 15    Spells: 4/8 levels left

rFire    . . .     SeeInvis .   e - +0 dagger
rCold    . . .     Gourm    .   (shield restricted)
rNeg     + + +     Faith    .   (armour currently unavailable)
rPois    +         Spirit   .   (helmet currently unavailable)
rElec    .         Reflect  .   (cloak currently unavailable)
rCorr    .         Harm     .   (gloves currently unavailable)
MR       .....     NoTele   +   (boots currently unavailable)
Stlth    +.........             (no amulet)
HPRegen  0.12/turn              d - ring of attention (curse)
MPRegen  0.11/turn              (no ring)

@: tree-form, very slightly contaminated, hasted, very quick
A: small, carnivore
a: no special abilities


You were on level 2 of the Dungeon.
You were completely stuffed.
You were a tree.
You visited 1 branch of the dungeon, and saw 3 of its levels.

You collected 121 gold pieces.

Inventory:

Hand Weapons
 e - a +0 dagger (weapon)
Armour
 a - a +0 robe (melded)
Jewellery
 d - a cursed ring of attention (left branch)
Scrolls
 b - a scroll of blinking {unknown}
 f - 3 scrolls of remove curse {unknown}
 h - 7 scrolls of identify {unknown}
 i - a scroll of noise {unknown}
 j - a scroll of teleportation
 m - a scroll of fear {unknown}
 n - a scroll of immolation {unknown}
Potions
 l - a potion of ambrosia {unknown}
Comestibles
 c - 3 rations
 g - a chunk of flesh


   Skills:
 - Level 0.4 Fighting
 - Level 1.0 Short Blades
 - Level 2.6 Dodging
 - Level 2.7 Stealth
 + Level 2.8 Spellcasting
 + Level 5.3 Conjurations


You had 4 spell levels left.
You knew the following spells:

 Your Spells              Type           Power        Failure   Level  Hunger
a - Magic Dart            Conj           ###.         1%          1    #......
b - Searing Ray           Conj           ###...       3%          2    ##.....
c - Confusing Touch       Hex            #.....       19%         1    #......

Your spell library contained the following spells:

 Spells                   Type           Power        Failure   Level  Hunger
 Dazzling Spray           Conj/Hex       ##....       19%         3    ###....
 Iskenderun's Mystic Bla  Conj           ###.....     21%         4    #####..
 Confuse                  Hex            #.......     47%         3    ###....
 Gell's Gravitas          Tloc           #.........   47%         3    ###....
 Force Lance              Conj/Tloc      ##......     52%         4    #####..
 Fulminant Prism          Conj/Hex       ##........   52%         4    #####..
 Petrify                  Tmut/Erth      #.......     87%         4    #####..
 Metabolic Englaciation   Hex/Ice        #.........   99%         5    ######.
 Yara's Violent Unravell  Hex/Tmut       #.........   99%         5    ######.


Dungeon Overview and Level Annotations

Branches:
Dungeon (3/15)

Altars:
Zin


Innate Abilities, Weirdness & Mutations

You are small and have problems with some larger weapons.
You are carnivorous and can eat meat at any time.


Message History

It was a potion of haste.
You feel yourself speed up. The orc hits you with a +0 club.
* * * LOW HITPOINT WARNING * * *
The orc priest completely misses you.
Casting: Confusing Touch (safe; 19% risk of failure)
Confirm with . or Enter, or press ? or * to list all spells.
Aiming: Magic Dart (safe; 1% risk of failure)
Press: ? - help, Shift-Dir - straight line, f - orc priest
Aim: an orc priest, wielding a +0 short sword (lightly wounded)
The magic dart hits the orc priest.
The orc priest is moderately wounded.
The orc misses you.
Okay, then.
It was a potion of lignification.
You turn into a tree.
Your +0 robe melds into your body.
Your roots penetrate the ground.
The orc priest hits you but does no damage.
The orc hits you but does no damage.
The orc priest invokes the aid of Beogh against you.
Beogh smites you!
You die...

########### #..>......#
#.........# #.........#
#.........# #.........#
##########.........#######
#........♣o...............
#.#######o.........##.....
#.# #.###############. #.#
#.##......#######. #.#
#.........#8.#A##. #.#
####......#..####. #.#
#......'....##. #.#
#......#....##. #.#
#......#8.._##.


You could see an orc priest and an orc.

Vanquished Creatures
  5 adders (D:2)
  An ooze (D:2)
  2 leopard geckos (D:1)
  2 giant cockroaches (D:2)
  9 goblins
  3 hobgoblins
  4 jackals (D:1)
  A ball python (D:1)
  4 bats
  2 frilled lizards (D:1)
  3 kobolds (D:1)
  2 rats
38 creatures vanquished.

Notes
Turn   | Place    | Note
-------+----------+-------------------------------------------
     0 | D:1      | TheOvate the Kobold Conjurer began the quest for the Orb.
     0 | D:1      | Reached XP level 1. HP: 10/10 MP: 3/3
    86 | D:1      | Reached XP level 2. HP: 9/15 MP: 0/5
   363 | D:1      | Reached XP level 3. HP: 16/19 MP: 0/6
   802 | D:2      | Learned a level 2 spell: Searing Ray
   804 | D:2      | Learned a level 1 spell: Confusing Touch
   969 | D:2      | Reached skill level 5 in Conjurations
   969 | D:2      | Reached XP level 4. HP: 24/24 MP: 3/7
  1155 | D:2      | Found a glowing silver altar of Zin.
  1155 | D:2      | Noticed an angel
  1526 | D:2      | Reached skill level 1 in Short Blades
  1780 | D:2      | Killed from afar by an orc priest

Levels and vault maps discovered:
D:1:      dpeg_arrival_shrine, layout_rooms
D:2:      layout_basic, zin_angel
D:3:      layout_rooms, lemuel_coloured_pillars_altar, first_ration,
          okawaru_ov_weapons_minmay, uniq_natasha

Skill      XL: |  1  2  3  4 |
---------------+-------------+-----
Conjurations   | 5 |  5.3
Short Blades   | 1 |  1.0
Fighting       | |  0.4
Dodging        | |  2.6
Stealth        | |  2.7
Spellcasting   | |  2.8

Action                   |  1- 3 |  4- 6 || total
-------------------------+-------+-------++-------
Melee: Unarmed           |     7 |       ||     7
       Dagger            |    17 |    11 ||    28
 Cast: Magic Dart        |    38 |    17 ||    55
       Searing Ray       |     2 |     2 ||     4
  Use: Scroll            |     1 |       ||     1
       Potion            |       |     4 ||     4
 Stab: Sleeping          |     1 |       ||     1
  Eat: Chunk             |     9 |     3 ||    12
Armor: Robe              |     4 |     1 ||     5
       Skin              |       |     1 ||     1
Dodge: Dodged            |    30 |    22 ||    52

Table legend:
 A = Non-vault XP
 B = Vault XP
 C = Vault XP percentage of total XP
 D = Non-vault monster count
 E = Vault monster count
 F = Vault count percentage of total count
                 A         B        C        D         E       F
            +---------+---------+-------+---------+---------+-------
      Total |     129 |       0 |   0.0 |      38 |       0 |   0.0
            +---------+---------+-------+---------+---------+-------
        D:1 |      39 |       0 |   0.0 |      23 |       0 |   0.0
        D:2 |      90 |       0 |   0.0 |      15 |       0 |   0.0
            +---------+---------+-------+---------+---------+-------
